 Dungeon Crawl Stone Soup version 0.27-a0-1065-ge809cff456 (webtiles) character file.

Game seed: 17801834390769976803

149 strifetoe the Slasher (level 5, -8/38 HPs)
             Began as a Djinni Gladiator on Apr 24, 2021.
             Mangled by Menkaure (10 damage)
             ... on level 3 of the Dungeon.
             The game lasted 00:03:33 (3422 turns).

strifetoe the Slasher (Djinni Gladiator)            Turns: 3422, Time: 00:03:33

Health: -8/38      AC:  7    Str: 15    XL:     5   Next: 31%
Gold:   47         EV: 11    Int: 10    God:
                   SH:  0    Dex: 15

rFire    + + .     SeeInvis .   a - +0 long sword
rCold    x . .     Faith    .   (no shield)
rNeg     . . .     Spirit   .   l - +0 ring mail
rPois    ∞         Reflect  .   c - +0 helmet
rElec    .         Harm     .   (no cloak)
rCorr    .         Rampage  .   p - +0 pair of gloves
Will     +....                  (boots unavailable)
Stlth    +.........             (no amulet)
HPRegen  0.12/turn              (no ring)
MPRegen  0.00/turn              (no ring)

@: flying, very slightly contaminated, invisible
A: fire resistance 2, cold vulnerability 1, float, innate caster, hp casting,
extra vitality 1, strong-willed 1, strong 1, no potion heal 1, MP-powered wands
a: no special abilities


You were on level 3 of the Dungeon.
You visited 1 branch of the dungeon, and saw 4 of its levels.

You collected 92 gold pieces.
You spent 45 gold pieces at shops.

Inventory:

Hand Weapons
 a - a +0 long sword (weapon)
 e - a +1 dagger of venom
Missiles
 d - 3 throwing nets (quivered)
 o - 2 atropa-tipped darts
Armour
 b - a +0 leather armour
 c - a +0 helmet (worn)
 l - a +0 ring mail (worn)
 p - a +0 pair of gloves (worn)
Scrolls
 f - 2 scrolls of noise {unknown}
 k - 4 scrolls of blinking {unknown}
 m - 2 scrolls of enchant armour {unknown}
 n - a scroll of enchant weapon {unknown}
 q - a scroll of identify {unknown}
Potions
 g - a potion of magic
 r - a potion of attraction {unknown}
 s - a potion of degeneration {unknown}
 t - a potion of cancellation {unknown}


   Skills:
 - Level 2.0 Fighting
 + Level 5.2 Long Blades
 - Level 1.5 Throwing
 - Level 3.2 Dodging
 + Level 0.2 Spellcasting


You had one spell level left.
You knew the following spells:

 Your Spells              Type           Power      Damage    Failure   Level
a - Magic Dart            Conj           0%         1d3       54%         1
b - Static Discharge      Conj/Air       0%         N/A       69%         2
Your spell library was empty.

Dungeon Overview and Level Annotations

Branches:
Dungeon (4/15)
 Temple: D:4-7

Altars:

Shops:
D:2 =   D:3 [

Annotations:
D:3 Menkaure


Innate Abilities, Weirdness & Mutations

You are immune to poison.
Your flesh is very heat resistant. (rF++)
You are vulnerable to cold. (rC-)
You float through the air rather than walking.
You learn spells naturally, not from books.
Your magical power is your life essence.
You have superior vitality. (+4 HP)
You are strong-willed. (Will+)
Your muscles are strong. (Str +2)
Potions are less effective at restoring your health.
You expend health (3 HP) to strengthen your wands.


Message History

You feel better. The giant cockroach closely misses you.
The giant cockroach bites you.
You barely miss the giant cockroach.
The giant cockroach closely misses you. x2
You closely miss the giant cockroach. The giant cockroach closely misses you.
You hit the giant cockroach but do no damage.
The giant cockroach bites you but does no damage.
Menkaure calls on the powers of darkness!
The giant cockroach convulses!
Your body is wracked with pain!
The giant cockroach barely misses you.
You slash the giant cockroach!
You kill the giant cockroach!
Unknown command.
You barely miss Menkaure.
Menkaure is lightly damaged.
Menkaure casts a spell at you. Pain shoots through your body!
* * * LOW HITPOINT WARNING * * *
You hit Menkaure.
Menkaure is moderately damaged.
Menkaure hits you.
* * * LOW HITPOINT WARNING * * *
You hit Menkaure but do no damage.
Menkaure is moderately damaged.
Menkaure calls on the powers of darkness!
You feel a surge of unholy energy.
Unknown command.
You feel better. Menkaure hits you.
* * * LOW HITPOINT WARNING * * *
It was a potion of magic.
Magic courses through your body.
It was a potion of invisibility.
You fade into invisibility!
Menkaure hits you.
* * * LOW HITPOINT WARNING * * *
You are very lightly contaminated with residual magic.
It was a potion of mutation.
You feel extremely strange.
Your system partially rejects the healing effects of potions.
You feel stronger.
You feel strong-willed.
You feel your magical essence link to the dungeon's wands.
Menkaure hits you!
You die...

#..#####.# ##...## #.
#.....##.# ##'## #.
#.###.##.# #.# #.
#.###.##.# #.# #.
#........# ##.## #.
#####.#### ##.>(### #.
#...).# #......# #.
#.#.#÷######...#.########.
#.#......@M.#.#...........
#.###.#####......#########
#.....# ###.##.# #######
#.##.# #....# ######


You could see Menkaure.

Vanquished Creatures
  An orc priest (D:3)
  6 adders
  A dart slug (D:2)
  3 orcs (D:3)
  6 bats
  8 endoplasms
  4 giant cockroaches
  5 goblins
  6 hobgoblins
  2 jackals (D:3)
  A quokka (D:3)
  6 ball pythons
  A frilled lizard (D:3)
  3 kobolds
  4 rats (D:1)
57 creatures vanquished.

Notes
Turn   | Place    | Note
-------+----------+-------------------------------------------
     0 | D:1      | strifetoe the Djinni Gladiator began the quest for the Orb.
     0 | D:1      | Reached XP level 1. HP: 18/18 MP: 0/0
   246 | D:1      | Found a faded altar of an unknown god.
   288 | D:1      | Reached skill level 3 in Long Blades
   423 | D:1      | Reached XP level 2. HP: 22/23 MP: 0/0
  1031 | D:1      | Reached XP level 3. HP: 16/28 MP: 0/0
  1031 | D:1      | Learned a level 1 spell: Magic Dart
  1246 | D:2      | Reached skill level 4 in Long Blades
  1618 | D:2      | Reached XP level 4. HP: 33/33 MP: 0/0
  1788 | D:2      | Found Gaydyxko's Jewellery Emporium.
  2170 | D:3      | Found Loenuf's Armour Shoppe.
  2181 | D:3      | Bought a +0 pair of gloves for 45 gold pieces
  2564 | D:3      | Reached skill level 5 in Long Blades
  2788 | D:3      | Reached XP level 5. HP: 38/38 MP: 0/0
  2788 | D:3      | Learned a level 2 spell: Static Discharge
  3394 | D:4      | Noticed Menkaure
  3422 | D:3      | Gained mutation: Potions are less effective at restoring
                  | your health. [potion of mutation]
  3422 | D:3      | Gained mutation: Your muscles are strong. (Str +2) [potion
                  | of mutation]
  3422 | D:3      | Gained mutation: You are strong-willed. (Will+) [potion of
                  | mutation]
  3422 | D:3      | Gained mutation: You expend health (3 HP) to strengthen
                  | your wands. [potion of mutation]
  3422 | D:3      | Mangled by Menkaure

Illustrated notes

Levels and vault maps discovered:
D:1:      dpeg_arrival_more_subterranean_lakeside_camping, layout_loops_cross,
          ebering_ecumenical_altar_hall, fountainhead, minmay_parallelograms
D:2:      layout_rooms, serial_shops, nicolae_shop_trees,
          minmay_misc_feat_enclosed, lemuel_flame_loot_1
D:3:      layout_loops_corners, serial_shops,
          nicolae_shop_temple_entry_statues_fountains
D:4:      layout_cave_pools, lemuel_coloured_pillars_altar, serial_shops, shop,
          uniq_menkaure, uniq_robin

Skill      XL: |  1  2  3  4 |
---------------+-------------+-----
Long Blades    | 3 4 5 |  5.2
Fighting       | |  2.0
Throwing       | |  1.5
Dodging        | |  3.2
Spellcasting   | |  0.2

Action                   |  1- 3 |  4- 6 || total
-------------------------+-------+-------++-------
Melee: Long sword        |    24 |     7 ||    31
       Dagger            |    77 |    91 ||   168
  Use: Potion            |       |     5 ||     5
 Stab: Sleeping          |     4 |       ||     4
Armor: Leather armour    |    35 |     1 ||    36
       Ring mail         |       |    32 ||    32
Dodge: Dodged            |    80 |    60 ||   140
       Rpst.: Long sword |     9 |       ||     9

Table legend: (Time is in decaauts)
 A = Elapsed time spent in this place.
 B = Non-inter-level travel time spent in this place.
 C = Inter-level travel time spent in this place.
 D = Time resting spent in this place.
 E = Time spent auto-exploring this place.
 F = Levels seen in this place.
 G = Mean time per level.
                   A        B        C        D        E       F      G
               +--------+--------+--------+--------+--------+-----+--------+
         Total |   3406 |   3340 |     66 |    454 |   2474 |   4 |  851.5 |
       Dungeon |   3406 |   3340 |     66 |    454 |   2474 |   4 |  851.5 |
               +--------+--------+--------+--------+--------+-----+--------+

Top non-repeatable levels by time:
     D:1: 1239 daAuts
     D:3: 1233 daAuts
     D:2: 925 daAuts
     D:4: 8 daAuts
